 Dungeon Crawl Stone Soup version 0.29-a0-887-gcbe080d7e0 (webtiles) character file.

Game seed: 4000152097377751641

3 Spectrina the Magician (level 1, 0/17 HPs)
             Began as a Djinni Arcane Marksman on July 22, 2022.
             Slain by a kobold
             ... wielding a +0 short sword
              (1 damage)
             ... on level 3 of the Dungeon.
             The game lasted 00:01:09 (141 turns).

Spectrina the Magician (Djinni Arcane Marksman)      Turns: 141, Time: 00:01:09

Health: 0/17       AC:  2    Str:  9    XL:     1   Next: 55%
Gold:   41         EV: 12    Int: 14    God:
                   SH:  0    Dex: 13

rFire   + + .      SeeInvis .   f - +0 great mace
rCold   x . .      Faith    .   (shield currently unavailable)
rNeg    . . .      Spirit   .   c - +0 robe
rPois   ∞          Reflect  .   (no helmet)
rElec   .          Harm     .   (no cloak)
rCorr   .          Rampage  .   (no gloves)
Will    .....                   (boots unavailable)
Stlth   +.........              (no amulet)
HPRegen 0.05/turn               (no ring)
MPRegen 0.00/turn               (no ring)

@: flying
A: sickness immunity, fire resistance 2, cold vulnerability 1, float, innate
caster, HP casting, extra vitality 1
a: no special abilities


You were on level 3 of the Dungeon.
You visited 1 branch of the dungeon, and saw 3 of its levels.

You collected 41 gold pieces.

Inventory:

Hand Weapons
 a - a +0 sling
 f - a +0 great mace (weapon)
Armour
 c - a +0 robe (worn)
Scrolls
 b - a scroll of vulnerability
 d - a scroll of identify {unknown}
 e - a scroll of enchant weapon {unknown}


   Skills:
 - Level 1.0 Fighting
 - Level 1.5 Ranged Weapons
 - Level 2.1 Dodging
 + Level 2.6 Spellcasting


You couldn't memorise any spells.
You knew the following spells:

 Your Spells              Type           Power      Damage    Failure   Level
a - Slow                  Hex            36%        N/A       8%          1
b - Inner Flame           Hex/Fire       9%         N/A       22%         3
c - Portal Projectile     Hex/Tloc       18%        N/A       22%         3
d - Cause Fear            Hex            4%         N/A       58%         4
Your spell library was empty.

Dungeon Overview and Level Annotations

Branches:
Dungeon (3/15)

Altars:

Annotations:
D:2 Natasha


Innate Abilities, Weirdness & Mutations

You are immune to sickness and miasma.
You are immune to poison.
Your flesh is very heat resistant. (rF++)
You are vulnerable to cold. (rC-)
You float through the air rather than walking.
You learn spells naturally, not from books.
Your magical power is your life essence.
You have superior vitality. (+4 MHP)


Message History

The kobold attacks as you move away! The kobold hits you but does no damage.
A bat comes into view.
Found a scroll labelled NIHUSO LIGUCU.
Found an escape hatch in the floor.
A frilled lizard comes into view.
Unknown command.
The kobold attacks as you move away! The kobold closely misses you.
The bat closely misses you. The bat barely misses you.
You see here a +0 great mace.
Unknown command.
f - a +0 great mace The kobold misses you.
The kobold attacks as you move away! The kobold hits you but does no damage.
The bat closely misses you. The kobold hits you with a +0 dagger.
f - a +0 great mace (weapon)
The kobold barely misses you.
Unknown command.
You closely miss the kobold.
The kobold is severely wounded.
The bat hits you but does no damage.
The kobold hits you with a +0 short sword.
The kobold barely misses you.
The kobold hits you with a +0 short sword.
The kobold closely misses you.
You barely miss the kobold.
The kobold is moderately wounded.
The bat barely misses you. x2
The kobold hits you with a +0 short sword.
* * * LOW HITPOINT WARNING * * *
The kobold misses you. The kobold barely misses you.
Unknown command.
You closely miss the kobold.
The kobold is moderately wounded.
The bat barely misses you. The kobold hits you with a +0 dagger.
* * * LOW HITPOINT WARNING * * *
The bat hits you but does no damage. The kobold barely misses you.
The kobold hits you with a +0 dagger.
* * * LOW HITPOINT WARNING * * *
The kobold hits you with a +0 short sword.
You die...

.... ............
....... ...........
....... ...........
.......###..........
..........#.........
....................
........$#..........
...........KK...?...
.........#.@b.......
.........#..........
....................
.........#....l.....
..########..........
. #..........
##....>....
##...#...


You could see a bat, 2 kobolds and a frilled lizard.

Vanquished Creatures
  An endoplasm (D:2)
  A giant cockroach (D:2)
  A bat (D:2)
3 creatures vanquished.

Notes
Turn   | Place    | Note
-------+----------+-------------------------------------------
     0 | D:1      | Spectrina the Djinni Arcane Marksman began the quest for
                  | the Orb.
     0 | D:1      | Spectrina set off with the following spells memorised:
                  | Slow, Inner Flame, Portal Projectile, Cause Fear.
     0 | D:1      | Reached XP level 1. HP: 17/17 MP: 0/0
   119 | D:2      | Noticed Natasha
   141 | D:3      | Slain by a kobold

Illustrated notes

Levels and vault maps discovered:
D:1:      dpeg_arrival_round_b, layout_loops_ring,
          dreamdust_ecumenical_altar_drowned_temple, chequers_arboretum
D:2:      layout_loops_ring, uniq_natasha
D:3:      layout_rooms, mainiacjoe_overflow_concentric_impassable, serial_shops,
          nicolae_shop_statue_plus

Action                   || total
-------------------------++-------
Melee: Great mace        ||     3
 Fire: Sling             ||    14
Armor: Robe              ||    11
Dodge: Dodged            ||    32

Table legend: (Time is in decaauts)
 A = Elapsed time spent in this place.
 B = Non-inter-level travel time spent in this place.
 C = Inter-level travel time spent in this place.
 D = Time resting spent in this place.
 E = Time spent auto-exploring this place.
 F = Levels seen in this place.
 G = Mean time per level.
                   A        B        C        D        E       F      G
               +--------+--------+--------+--------+--------+-----+--------+
         Total |    146 |    146 |      0 |      0 |      0 |   3 |   48.7 |
       Dungeon |    146 |    146 |      0 |      0 |      0 |   3 |   48.7 |
               +--------+--------+--------+--------+--------+-----+--------+

Top non-repeatable levels by time:
     D:2: 72 daAuts
     D:1: 57 daAuts
     D:3: 17 daAuts
